 Dungeon Crawl Stone Soup version 0.29-a0-757-g358383bc75 (webtiles) character file.

Game seed: 5225503222922580154

2657 gobodom the Cudgeller (level 9, -1/49 (57) HPs)
             Began as a Demonspawn Fire Elementalist on July 1, 2022.
             Was a Priest of Hepliaklqana.
             Killed by nerve-wracking pain
             ... invoked by a shadow imp
              (3 damage)
             ... on level 7 of the Dungeon.
             The game lasted 00:25:13 (7455 turns).

gobodom the Cudgeller (DsFE)                        Turns: 7455, Time: 00:25:14

HP:   -1/49 (57)    AC:  8    Str: 10    XL:     9   Next: 36%
MP:   0/16          EV: 13    Int: 15    God:    Hepliaklqana [***...]
Gold: 356           SH:  0    Dex: 14    Spells: 15/18 levels left

rFire   + + +      SeeInvis .   p - +10 whip of Unpleasantness {chaos, rF++ rC+ rCorr Int-4}
rCold   + + .      Faith    .   (no shield)
rNeg    . . .      Spirit   +   a - +0 robe
rPois   .          Reflect  .   (no helmet)
rElec   .          Harm     .   f - scarf {rC+ rF+}
rCorr   +          Rampage  .   y - +2 pair of gloves
Will    .....                   o - +0 pair of boots
Stlth   +++.......              k - amulet of guardian spirit
HPRegen 0.16/turn               J - ring of wizardry
MPRegen 0.15/turn               (no ring)

@: heavily drained
A: reduced essence, sharp scales 2, demonic magic 1, demonic touch 2
a: Renounce Religion, Recall Ancestor, Ancestor Identity, Transference


You were on level 7 of the Dungeon.
You worshipped Hepliaklqana.
Hepliaklqana was most pleased with you.
You visited 2 branches of the dungeon, and saw 8 of its levels.

You collected 356 gold pieces.

Inventory:

Hand Weapons
 p - the +10 whip of Unpleasantness (weapon) {chaos, rF++ rC+ rCorr Int-4}
   (You found it on level 2 of the Dungeon)

   Each time it hits an enemy it has a different, random effect.
   Int:       It affects your intelligence (-4).
   rF:        It greatly protects you from fire.
   rC:        It protects you from cold.
   rCorr:     It protects you from acid and corrosion.
 w - a +2 dagger of draining
 K - a +1 hand axe of freezing
Missiles
 c - 15 poisoned darts
 h - 7 boomerangs of dispersal
 j - 2 throwing nets
Armour
 a - a +0 robe (worn)
 f - a scarf of resistance (worn)
 o - a +0 pair of boots (worn)
 y - a +2 pair of gloves (worn)
Magical Staves
 F - a staff of conjuration
Jewellery
 g - a ring of ice
 k - an amulet of guardian spirit (around neck)
 H - a ring of resist corrosion
 J - a ring of wizardry (left hand)
Wands
 t - a wand of iceblast (6)
 v - a wand of charming (8)
 A - a wand of mindburst (2)
 D - a wand of flame (33)
Scrolls
 d - 3 scrolls of magic mapping
 l - 2 scrolls of amnesia
 m - a scroll of summoning {unknown}
 n - 4 scrolls of teleportation
 q - a scroll of noise
 u - a scroll of fog {unknown}
 B - a scroll of vulnerability {unknown}
 G - a scroll of acquirement {unknown}
Potions
 b - 3 potions of magic
 e - 3 potions of flight
 i - 2 potions of invisibility
 s - a potion of curing
 x - a potion of haste
 z - 3 potions of brilliance
 C - a potion of attraction
 E - 2 potions of berserk rage {unknown}


   Skills:
 + Level 3.5 Fighting
 + Level 6.0 Maces & Flails
 + Level 4.3 Dodging
 + Level 5.6 Stealth
 + Level 5.0 Spellcasting
 + Level 3.0 Conjurations
 + Level 4.8 Fire Magic


You had 15 spell levels left.
You knew the following spells:

 Your Spells              Type           Power      Damage    Failure   Level
a - Foxfire               Conj/Fire      60%        2x1d7     1%          1
b - Scorch                Fire           36%        2d6       1%          2

Your spell library contained the following spells:

 Spells                   Type           Power      Damage    Failure   Level
 Conjure Flame            Conj/Fire      15%        6-21      4%          3
 Summon Small Mammal      Summ           12%        N/A       6%          1
 Inner Flame              Hex/Fire       11%        N/A       8%          3
 Flame Wave               Conj/Fire      15%        2d6       12%         4
 Call Canine Familiar     Summ           3%         N/A       19%         3
 Summon Guardian Golem    Hex/Summ       3%         N/A       19%         3


Dungeon Overview and Level Annotations

Branches:
Dungeon (7/15)             Temple (1/1) D:4

Altars:
Ashenzari
Dithmenos
Elyvilon
Hepliaklqana
Kikubaaqudgha
Makhleb
Nemelex Xobeh
Ru
Sif Muna
Trog
Xom
Yredelemnul
Zin
The Shining One

Annotations:
D:5 1 runed translucent door


Innate Abilities, Weirdness & Mutations

Your life essence is reduced to manifest your ancestor. (-10% HP)
You are mostly covered in razor-sharp scales. (AC +2, Slay +2)
Spells you cast may paralyse adjacent enemies.
Your touch may inflict irresistible damage on your foes.


Message History

Casting: Scorch (safe; 1% risk of failure)
Confirm with . or Enter, or press ? or * to list all spells.
Flames lash the wight.
The wight is lightly damaged.
The wight's fire resistance burns away.
Malevolent energies surge around you.
The wight suddenly stops moving!
Something hits Xiloxoch!!
The wight hits Xiloxoch with a +0 trident!
Xiloxoch is destroyed!
Casting: Scorch (safe; 1% risk of failure)
Confirm with . or Enter, or press ? or * to list all spells.
Flames lash the wight.
The wight is burned terribly!
The wight is almost destroyed.
Malevolent energies surge around you. Something hits you.
You feel drained.
The helpless wight fails to defend itself.
You whack the wight!
The wight seems to grow stronger.
The wight is heavily damaged.
The wight is no longer paralysed.
The wight misses you. The wight closely misses you. Something hits you!
You feel drained.
Casting: Scorch (safe; 1% risk of failure)
Confirm with . or Enter, or press ? or * to list all spells.
Flames lash something.
Malevolent energies surge around you. The wight hits you with a +2 war axe.
* * * LOW HITPOINT WARNING * * *
You feel drained.
* * * LOW HITPOINT WARNING * * *
The wight hits you from afar with a +0 trident.
* * * LOW HITPOINT WARNING * * *
You feel much better.
The wight hits you from afar with a +0 trident.
You feel drained. The wight hits you with a +2 war axe!
* * * LOW HITPOINT WARNING * * *
Blink to where?
Press: ? - help, Q - select action, (/) - cycle Dir - move target A shadow imp comes into view.
Found 15 gold pieces.
As you read the scroll of blinking, it crumbles to dust.
The shadow imp shouts!
The shadow imp gestures at you. Pain shoots through your body!
You die...

.......######
............
...........#
......5....###.
...............
...................
..................
# #@.........# ..
#.....##...#...
#.....# ....#..
.....###.......
......#.)...#
....#...§z..#
.$..#...z{..#
........#...##
#...##.#...#


You could see a wight (combustible) and a shadow imp.

Vanquished Creatures
  The ghost of gobodom the Ruffian, a novice TrGl (D:5)
  Grinder (D:6)
  Sigmund (D:2)
  Eustachio (D:6)
  A black bear (D:5)
  An ogre (D:4)
  2 necrophages (D:5)
  2 bullfrogs
  2 scorpions
  A wight (D:7)
  A howler monkey (D:6)
  4 jellies (D:6)
  An orc priest (D:5)
  2 hounds
  An iguana (D:6)
  Robin (D:4)
  8 adders
  4 gnolls
  2 shadow imps
  A dart slug (D:1)
  13 orcs
  5 endoplasms
  2 giant cockroaches (D:3)
  16 goblins
  13 hobgoblins
  6 jackals
  6 kobolds
  7 quokkas
  4 ball pythons
  4 bats
  2 frilled lizards
  5 rats
121 creatures vanquished.

Vanquished Creatures (collateral kills)
  A water moccasin (D:6)
  An orc warrior (D:6)
  A sky beast (D:6)
  An ogre (D:5)
  A scorpion (D:5)
  An orc priest (D:5)
  A gnoll shaman (D:5)
  An iguana (D:6)
  2 gnolls (D:5)
  An adder (D:5)
  2 worms (D:5)
  4 orcs
  3 goblins (D:4)
  A jackal (D:4)
  2 kobolds
23 creatures vanquished.

Vanquished Creatures (others)
  A hexer (D:7)
  A goblin (D:4)
  130 foxfires
132 creatures vanquished.

Grand Total: 276 creatures vanquished

Notes
Turn   | Place    | Note
-------+----------+-------------------------------------------
     0 | D:1      | gobodom the Demonspawn Fire Elementalist began the quest
                  | for the Orb.
     0 | D:1      | Reached XP level 1. HP: 13/13 MP: 3/3
   483 | D:1      | Gained mutation: You are partially covered in razor-sharp
                  | scales. (AC +1, Slay +1) [demonic ancestry]
   483 | D:1      | Reached XP level 2. HP: 19/19 MP: 1/5
  1513 | D:2      | Noticed Sigmund
  1519 | D:2      | Reached XP level 3. HP: 15/24 MP: 3/6
  2287 | D:2      | Identified the +10 whip of Unpleasantness {chaos, rF++ rC+
                  | rCorr Int-4}
  2330 | D:2      | Reached XP level 4. HP: 30/30 MP: 8/8
  2462 | D:2      | Killed Sigmund
  2463 | D:2      | Reached skill level 1 in Fighting
  2463 | D:2      | Gained mutation: Your touch may inflict minor irresistible
                  | damage on your foes. [demonic ancestry]
  2463 | D:2      | Reached XP level 5. HP: 11/37 MP: 4/10
  2467 | D:2      | Learned a level 2 spell: Scorch
  2888 | D:3      | Found a faded altar of an unknown god.
  2894 | D:3      | Prayed at the altar of an unknown god.
  2894 | D:3      | Became a worshipper of Hepliaklqana the Forgotten
  2894 | D:3      | Reached * piety under Hepliaklqana
  3235 | D:3      | Reached skill level 1 in Maces & Flails
  3242 | D:3      | Gained mutation: Spells you cast may paralyse adjacent
                  | enemies. [demonic ancestry]
  3242 | D:3      | Reached XP level 6. HP: 38/38 MP: 11/11
  3580 | D:3      | Reached ** piety under Hepliaklqana
  3668 | D:3      | Remembered your ancestor Xiloxoch as a hexer
  3863 | D:4      | Found a shimmering altar of Xom.
  4029 | D:4      | Reached skill level 2 in Maces & Flails
  4191 | D:4      | Found a staircase to the Ecumenical Temple.
  4251 | D:4      | Reached XP level 7. HP: 43/43 MP: 12/12
  4421 | D:4      | Noticed Robin
  4440 | D:4      | Killed Robin
  4680 | Temple   | Entered the Ecumenical Temple
  4934 | D:5      | Entered Level 5 of the Dungeon
  4948 | D:5      | Reached skill level 3 in Maces & Flails
  5146 | D:5      | Found a runed translucent door.
  5149 | D:5      | Noticed gobodom's ghost (novice TrGl)
  5163 | D:5      | Killed gobodom's ghost
  5164 | D:5      | Reached skill level 4 in Maces & Flails
  5164 | D:5      | Gained mutation: Your touch may inflict irresistible damage
                  | on your foes. [demonic ancestry]
  5164 | D:5      | Reached XP level 8. HP: 26/51 MP: 13/13
  5166 | D:5      | Reached skill level 5 in Maces & Flails
  5170 | D:5      | Found a runed translucent door.
  5812 | D:5      | Reached skill level 5 in Stealth
  6270 | D:6      | Reached *** piety under Hepliaklqana
  6498 | D:6      | Found a sacrificial altar of Ru.
  6767 | D:6      | Noticed Grinder
  6769 | D:6      | Noticed Eustachio
  6772 | D:6      | Killed Grinder
  6773 | D:6      | Gained mutation: You are mostly covered in razor-sharp
                  | scales. (AC +2, Slay +2) [demonic ancestry]
  6773 | D:6      | Reached XP level 9. HP: 50/56 MP: 9/15
  6777 | D:6      | Killed Eustachio
  7193 | D:6      | Reached skill level 5 in Spellcasting
  7277 | D:6      | Reached skill level 6 in Maces & Flails
  7454 | D:7      | HP: 2/49 [wight/+2 war axe (14)]
  7455 | D:7      | Killed from afar by a shadow imp

Illustrated notes

Levels and vault maps discovered:
D:1:      amcnicky_arrival_wind_blow, layout_loops_ring, grunt_decor_clamped,
          dreamdust_princess_corridor
D:2:      layout_basic, kennysheep_generic_room_6, uniq_sigmund
D:3:      cheibrodos_helix_gallery, layout_loops_ring,
          nicolae_ecumenical_oubliette
D:4:      layout_loops_ring, mainiacjoe_overflow_six_doors_small,
          minmay_temple_entry_nine_rooms, minivault_19, uniq_robin
D:5:      layout_rooms, ebering_ghost_sewer_f, hangedman_glass_teeth
D:6:      layout_gridville, nicolae_ru_sacrificial_ziggurat, uniq_grinder,
          uniq_eustachio
D:7:      layout_layer_cave, mainiacjoe_overflow_small_starburst,
          ebering_ghost_rock_garden, enter_bailey_2,
          nicolae_ossuary_entry_catacombs
Temple:   hc_temple_tempest_star

Skill      XL: |  1  2  3  4  5  6  7  8  9 |
---------------+----------------------------+-----
Fire Magic     | 3 4 |  4.8
Stealth        | 2 3 4 5 |  5.6
Dodging        | 2 3 4 |  4.3
Spellcasting   | 3 4 5 |  5.0
Fighting       | 1 2 3 |  3.5
Conjurations   | 2 3 |  3.0
Maces & Flails | 1 2 4 5 6 |  6.0

Action                   |  1- 3 |  4- 6 |  7- 9 || total
-------------------------+-------+-------+-------++-------
Melee: Unarmed           |     8 |       |       ||     8
       Whip              |     6 |    65 |    94 ||   165
       Touch             |       |     7 |    13 ||    20
 Cast: Foxfire           |    75 |     4 |    17 ||    96
       Scorch            |       |       |    21 ||    21
Invok: Ancestor Life: He |       |     1 |       ||     1
       Recall Ancestor   |       |       |     1 ||     1
  Use: Scroll            |       |     7 |     7 ||    14
       Potion            |       |     1 |     2 ||     3
 Stab: Sleeping          |     1 |     3 |     3 ||     7
       Petrifying        |       |     1 |       ||     1
       Distracted        |       |       |     2 ||     2
       Paralysed         |       |       |     5 ||     5
Armor: Robe              |    20 |     8 |    19 ||    47
Dodge: Dodged            |    49 |    35 |    35 ||   119

Table legend: (Time is in decaauts)
 A = Elapsed time spent in this place.
 B = Non-inter-level travel time spent in this place.
 C = Inter-level travel time spent in this place.
 D = Time resting spent in this place.
 E = Time spent auto-exploring this place.
 F = Levels seen in this place.
 G = Mean time per level.
                   A        B        C        D        E       F      G
               +--------+--------+--------+--------+--------+-----+--------+
         Total |   7481 |   7127 |    354 |    636 |   5069 |   8 |  935.1 |
       Dungeon |   7302 |   6966 |    336 |    636 |   4921 |   7 | 1043.1 |
        Temple |    178 |    160 |     18 |      0 |    148 |   1 |  178.0 |
               +--------+--------+--------+--------+--------+-----+--------+

Top non-repeatable levels by time:
     D:1: 1635 daAuts
     D:2: 1308 daAuts
     D:6: 1287 daAuts
     D:5: 1218 daAuts
     D:4: 1078 daAuts
     D:3: 765 daAuts
  Temple: 178 daAuts
     D:7: 9 daAuts
